Red Wings vs Oilers
(R1)
Created - June 10, 2023 at 20:21
Goals
|
| Red Wings |
1 |
1 |
1 |
3 |
| Oilers |
0 |
3 |
2 |
5 |
|
Shots
|
| Red Wings |
14 |
6 |
14 |
34 |
| Oilers |
11 |
12 |
12 |
35 |
|
1st period
1. Red Wings , Ryan O'Reilly 1 (Nino Niederreiter 4, Connor Brown 3) at 14:08
Penalties :
Connor Brown (Det) for Cross-checking (Minor) at 0:22, Ryan O'Byrne (Det) for Holding (Minor) at 8:45
2nd period
2. Red Wings , Henrik Zetterberg 2 (Ryan O'Byrne 2, Dylan Larkin 3) at 5:18
3. Oilers , Nick Bjugstad 1 (Ryan Nugent-Hopkins 2, Leon Draisaitl 3) at 9:45
4. Oilers , David Pastrnak 4 (Connor McDavid 4, Claude Giroux 4) at 11:03 (PP)
5. Oilers , Ryan Getzlaf 1 (Trevor Daley 1, Mark Stone 1) at 13:03
Penalties :
Nino Niederreiter (Det) for Hooking (Minor) at 2:57, Marko Dano (Det) for Hooking (Minor) at 10:23, Ryan O'Byrne (Det) for Tripping (Minor) at 10:47, David Pastrnak (Edm) for Cross-checking (Minor) at 13:12
3rd period
6. Red Wings , Marko Dano 1 (Dylan Larkin 4, Ryan O'Reilly 3) at 8:11
7. Oilers , Nick Bjugstad 2 (Brady Skjei 2, Leon Draisaitl 4) at 10:54 (PP)
8. Oilers , Brady Skjei 1 (Connor McDavid 5) at 19:18 (Empty Net)
Penalties :
Ryan O'Reilly (Det) for High sticking (Minor) at 0:12, Ryan O'Reilly (Det) for Slashing (Minor) at 2:35, James Neal (Edm) for Slashing (Minor) at 4:56, Henrik Zetterberg (Det) for Interference (Minor) at 9:23, Dennis Everberg (Edm) for High sticking (Minor) at 11:54, T.J. Hensick (Det) for Tripping (Minor) at 14:42
Goalie Stats
Petr Mrazek (Det), 30 saves from 34 shots - (0.882), L, 2-2-0, 59:35 minutes
James Reimer (Edm), 31 saves from 34 shots - (0.912), W, 2-1-0, 60:00 minutes
Players Stats for Red Wings
Player Name G A P +/- PIM S H SB GA TA FO MP PP MP PK MP
------------------------------------------------------------------------------------
Beau Bennett 0 0 0 -1 0 0 0 3 1 2 0/0 13:25 0:00 5:08
Carson Mcmillan 0 0 0 -1 0 1 0 2 0 1 0/1 17:20 0:00 9:20
Cody Franson 0 0 0 -2 0 0 2 1 0 0 0/0 13:31 2:17 0:10
Connor Brown 0 1 1 0 2 1 0 0 1 1 1/1 15:28 3:21 0:00
David Rundblad 0 0 0 0 0 0 0 0 0 0 0/0 15:10 2:17 2:10
Drew Fata 0 0 0 0 0 0 1 2 0 0 0/0 17:38 0:00 7:05
Dylan Larkin 0 2 2 1 0 2 0 1 0 0 2/5 15:33 2:36 2:45
Erik Gudbranson 0 0 0 1 0 5 3 2 2 3 0/0 29:18 3:40 8:43
Henrik Zetterberg 1 0 1 1 2 2 2 0 1 1 5/11 14:11 3:21 0:33
Jamie Arniel 0 0 0 0 0 1 1 0 0 2 4/7 7:36 0:00 0:00
Marko Dano 1 0 1 2 2 5 0 0 0 1 0/0 13:41 2:36 1:11
Michael Haley 0 0 0 -1 0 3 0 1 0 0 2/4 13:25 0:00 5:08
Nino Niederreiter 0 1 1 0 2 1 1 0 1 0 1/2 15:31 3:21 0:00
Philip Samuelsson 0 0 0 -1 0 5 1 1 1 1 0/0 23:58 3:40 7:05
Ryan O'Byrne 0 1 1 1 4 1 2 0 0 2 0/0 20:47 0:00 6:22
Ryan O'Reilly 1 1 2 1 4 6 1 0 0 1 10/22 14:16 2:36 0:00
Sergei Kostitsyn 0 0 0 0 0 1 0 0 0 0 0/0 7:36 0:00 0:00
T.J. Hensick 0 0 0 -1 2 0 2 0 0 0 7/14 15:23 0:00 7:15
Players Stats for Oilers
Player Name G A P +/- PIM S H SB GA TA FO MP PP MP PK MP
------------------------------------------------------------------------------------
Brady Skjei 1 1 2 0 0 5 0 0 5 3 0/0 31:36 10:49 3:52
Cam Barker 0 0 0 0 0 0 1 0 2 1 0/0 19:22 4:59 2:05
Claude Giroux 0 1 1 0 0 3 2 1 1 0 3/4 23:44 8:16 3:22
Connor McDavid 0 2 2 0 0 1 2 0 1 0 20/41 23:44 8:16 3:22
Dalton Prout 0 0 0 0 0 0 1 0 0 0 0/0 19:22 4:59 2:05
David Pastrnak 1 0 1 0 2 7 0 0 1 1 1/1 20:21 8:16 0:00
Dennis Everberg 0 0 0 0 2 0 0 0 0 0 0/0 4:58 0:00 0:00
Jake Gardiner 0 0 0 0 0 1 1 4 2 0 0/0 31:36 10:49 3:52
James Neal 0 0 0 -1 2 0 0 0 0 0 0/1 10:29 0:00 0:50
Leon Draisaitl 0 2 2 1 0 4 0 0 0 0 0/0 22:28 7:32 2:10
Mark Stone 0 1 1 -1 0 2 0 0 0 0 1/2 8:58 0:00 0:00
Nick Bjugstad 2 0 2 1 0 6 3 0 1 0 0/0 19:36 7:32 0:00
Peter Mueller 0 0 0 0 0 0 1 0 0 0 0/1 5:19 0:00 0:46
Ryan Getzlaf 1 0 1 -1 0 3 1 1 0 1 2/6 8:58 0:00 0:00
Ryan Nugent-Hopkins 0 1 1 1 0 3 1 0 2 0 8/10 21:00 7:32 1:24
Tobias Enstrom 0 0 0 0 0 0 0 0 0 0 0/0 9:02 0:00 0:00
Trevor Daley 0 1 1 0 0 0 1 0 0 1 0/0 9:02 0:00 0:00
Zach Hyman 0 0 0 0 0 0 0 0 0 0 0/1 4:25 0:00 0:00
3 Stars
1 - Nick Bjugstad (Edm)
2 - Brady Skjei (Edm)
3 - Connor McDavid (Edm)
Power Play
Red Wings - 0 on 3 Attempt(s) - 0.00%
Oilers - 2 on 9 Attempt(s) - 22.22%
Penalty Kill
Red Wings - 7 on 9 Attempt(s) - 77.78%
- Score 0 goal in Penalty Kill
Oilers - 3 on 3 Attempt(s) - 100.00%
- Score 0 goal in Penalty Kill
Team Stat
Red Wings - Hits : 16 - Faceoff Wins : 32 - Blocked Shots : 13 - Penalty Minutes : 18
Oilers - Hits : 14 - Faceoff Wins : 35 - Blocked Shots : 6 - Penalty Minutes : 6
Official
Referees : Kevin Pollock and Furman South
Linesman : Tyson Baker and Julien Fournier
Game Notes
12:38 of 3rd period - Oilers goal is going for a video replay. After video review, No Goal. The puck has entered the net after making contact with an attacking player’s stick that is above the height of the crossbar.
Brady Skjei has scored in a empty net!
Finance
Level 1 -- Attendance: 6000 (100.00%) -- Ticket Income $600,000
Level 2 -- Attendance: 5000 (100.00%) -- Ticket Income $300,000
Level 3 -- Attendance: 2000 (100.00%) -- Ticket Income $70,000
Level 4 -- Attendance: 4000 (100.00%) -- Ticket Income $100,000
Luxury Box -- Attendance: 1000 (100.00%) -- Ticket Income $200,000
Game was played at the Rodgers Place.
Total Attendance: 18000 (100.00%)
Total Ticket Income: $1,270,000
Other Income: $190,500
Total Income: $1,460,500
Red Wings
5 vs 5 Forward
Center Left Wing Right Wing Time % Phy DF OF
1 Ryan O'Reilly Nino Niederreiter Connor Brown 40 1 2 2
2 Henrik Zetterberg Marko Dano Dylan Larkin 30 1 2 2
3 Jamie Arniel Sergei Kostitsyn Carson Mcmillan 20 1 2 2
4 T.J. Hensick Michael Haley Beau Bennett 10 1 2 2
5 vs 5 Defense
Defense Defense Time % Phy DF OF
1 Erik Gudbranson Ryan O'Byrne 40 1 2 2
2 Drew Fata Philip Samuelsson 30 1 2 2
3 Cody Franson David Rundblad 20 1 2 2
4 Erik Gudbranson Philip Samuelsson 10 1 2 2
PowerPlay Forward
Center Left Wing Right Wing Time % Phy DF OF
1 Henrik Zetterberg Nino Niederreiter Connor Brown 60 1 2 2
2 Ryan O'Reilly Marko Dano Dylan Larkin 40 1 2 2
PowerPlay Defense
Defense Defense Time % Phy DF OF
1 Erik Gudbranson Philip Samuelsson 60 1 2 2
2 David Rundblad Cody Franson 40 1 2 2
Penalty Kill 4 Players Forward
Center Wing Time % Phy DF OF
1 T.J. Hensick Carson Mcmillan 60 1 2 2
2 Michael Haley Beau Bennett 40 1 2 2
Penalty Kill 4 Players Defense
Defense Defense Time % Phy DF OF
1 Erik Gudbranson Ryan O'Byrne 60 1 2 2
2 Drew Fata Philip Samuelsson 40 1 2 2
Penalty Kill - 3 Players Forward
Forward Time % Phy DF OF
1 Carson Mcmillan 60 1 2 2
2 Michael Haley 40 1 2 2
Penalty Kill - 3 Players Defense
Defense Defense Time % Phy DF OF
1 Drew Fata Philip Samuelsson 60 1 2 2
2 Erik Gudbranson Ryan O'Byrne 40 1 2 2
4 vs 4 Forward
Center Wing Time % Phy DF OF
1 Nino Niederreiter Connor Brown 60 1 2 2
2 Ryan O'Reilly Marko Dano 40 1 2 2
4 vs 4 Defense
Defense Defense Time % Phy DF OF
1 Erik Gudbranson Philip Samuelsson 60 1 2 2
2 Drew Fata Ryan O'Byrne 40 1 2 2
Last Minutes Offensive
Center Left Wing Right Wing Defense Defense
Henrik Zetterberg Nino Niederreiter Connor Brown Erik Gudbranson Philip Samuelsson
Last Minutes Defensive
Center Left Wing Right Wing Defense Defense
Ryan O'Reilly Michael Haley Carson Mcmillan Ryan O'Byrne Drew Fata
Goaltenders
Starting : Petr Mrazek
Backup : Mike McKenna
Extra Forwards
Normal : T.J. Hensick, Jamie Arniel, Dylan Larkin - PP : T.J. Hensick, Jamie Arniel - PK : Dylan Larkin
Extra Defensemen
Normal : Cody Franson, David Rundblad, Philip Samuelsson - PP : Cody Franson - PK : David Rundblad, Cody Franson
Penalty Shots
Nino Niederreiter, Connor Brown, Ryan O'Reilly, Marko Dano, Henrik Zetterberg
Scratches
Alexandre Grenier (Healthy), Denis Grebeshkov (Left Hip Injury), Tomas Kundratek (Healthy)
Oilers
5 vs 5 Forward
Center Left Wing Right Wing Time % Phy DF OF
1 Connor McDavid Claude Giroux David Pastrnak 40 1 2 2
2 Ryan Nugent-Hopkins Leon Draisaitl Nick Bjugstad 30 1 2 2
3 Ryan Getzlaf James Neal Mark Stone 20 1 2 2
4 Peter Mueller Zach Hyman Dennis Everberg 10 1 2 2
5 vs 5 Defense
Defense Defense Time % Phy DF OF
1 Brady Skjei Jake Gardiner 40 1 2 2
2 Cam Barker Dalton Prout 30 1 2 2
3 Tobias Enstrom Trevor Daley 20 1 2 2
4 Brady Skjei Jake Gardiner 10 1 2 2
PowerPlay Forward
Center Left Wing Right Wing Time % Phy DF OF
1 Connor McDavid Claude Giroux David Pastrnak 60 1 2 2
2 Ryan Nugent-Hopkins Leon Draisaitl Nick Bjugstad 40 1 2 2
PowerPlay Defense
Defense Defense Time % Phy DF OF
1 Brady Skjei Jake Gardiner 60 1 2 2
2 Cam Barker Dalton Prout 40 1 2 2
Penalty Kill 4 Players Forward
Center Wing Time % Phy DF OF
1 Connor McDavid Claude Giroux 60 1 2 2
2 Ryan Nugent-Hopkins Leon Draisaitl 40 1 2 2
Penalty Kill 4 Players Defense
Defense Defense Time % Phy DF OF
1 Brady Skjei Jake Gardiner 60 1 2 2
2 Cam Barker Dalton Prout 40 1 2 2
Penalty Kill - 3 Players Forward
Forward Time % Phy DF OF
1 Connor McDavid 60 1 2 2
2 Ryan Nugent-Hopkins 40 1 2 2
Penalty Kill - 3 Players Defense
Defense Defense Time % Phy DF OF
1 Brady Skjei Jake Gardiner 60 1 2 2
2 Cam Barker Dalton Prout 40 1 2 2
4 vs 4 Forward
Center Wing Time % Phy DF OF
1 Connor McDavid Claude Giroux 60 1 2 2
2 Ryan Nugent-Hopkins Leon Draisaitl 40 1 2 2
4 vs 4 Defense
Defense Defense Time % Phy DF OF
1 Brady Skjei Jake Gardiner 60 1 2 2
2 Cam Barker Dalton Prout 40 1 2 2
Last Minutes Offensive
Center Left Wing Right Wing Defense Defense
Connor McDavid Claude Giroux David Pastrnak Brady Skjei Jake Gardiner
Last Minutes Defensive
Center Left Wing Right Wing Defense Defense
Connor McDavid Claude Giroux David Pastrnak Brady Skjei Jake Gardiner
Goaltenders
Starting : James Reimer
Backup : Jonas Hiller
Extra Forwards
Normal : Leon Draisaitl, Ryan Nugent-Hopkins, Ryan Getzlaf - PP : Leon Draisaitl, Ryan Nugent-Hopkins - PK : Leon Draisaitl
Extra Defensemen
Normal : Dalton Prout, Tobias Enstrom, Trevor Daley - PP : Dalton Prout - PK : Dalton Prout, Tobias Enstrom
Penalty Shots
Claude Giroux, Connor McDavid, David Pastrnak, Nick Bjugstad, Leon Draisaitl
Scratches
Marcus Pettersson (Healthy), Mikko Koskinen (Healthy)
% Time on Ice - Red Wings
Lines # - Real PCT - Wanted PCT - Time Play
Normal Forward
1 - 32% - 40% - 11:59
2 - 29% - 30% - 11:01
3 - 20% - 20% - 7:36
4 - 19% - 10% - 7:07
Normal Defense
1 - 41% - 40% - 15:19
2 - 30% - 30% - 11:20
3 - 25% - 20% - 9:28
4 - 4% - 10% - 1:36
PP Forward
1 - 56% - 60% - 3:21
2 - 44% - 40% - 2:36
PP Defense
1 - 62% - 60% - 3:40
2 - 38% - 40% - 2:17
PK Forward
1 - 67% - 60% - 10:24
2 - 33% - 40% - 5:08
PK Defense
1 - 56% - 60% - 8:43
2 - 44% - 40% - 6:49
PK3 Forward
1 - 100% - 60% - 0:16
2 - 0% - 40% - 0:00
PK3 Defense
1 - 100% - 60% - 0:16
2 - 0% - 40% - 0:00
44 Forward
1 - 0% - 60%
2 - 0% - 40%
44 Defense
1 - 0% - 60%
2 - 0% - 40%
Last Minute Offensive - 0:32
Last Minute Defensive - 0:00
Total
Forward - 60:00
Defense - 60:00
|
% Time on Ice - Oilers
Lines # - Real PCT - Wanted PCT - Time Play
Normal Forward
1 - 33% - 40% - 12:42
2 - 32% - 30% - 12:04
3 - 24% - 20% - 8:58
4 - 12% - 10% - 4:25
Normal Defense
1 - 39% - 40% - 15:04
2 - 32% - 30% - 12:18
3 - 24% - 20% - 9:02
4 - 5% - 10% - 1:45
PP Forward
1 - 52% - 60% - 8:16
2 - 48% - 40% - 7:32
PP Defense
1 - 68% - 60% - 10:49
2 - 32% - 40% - 4:59
PK Forward
1 - 76% - 60% - 4:33
2 - 24% - 40% - 1:24
PK Defense
1 - 65% - 60% - 3:52
2 - 35% - 40% - 2:05
PK3 Forward
1 - 0% - 60%
2 - 0% - 40%
PK3 Defense
1 - 0% - 60%
2 - 0% - 40%
44 Forward
1 - 0% - 60%
2 - 0% - 40%
44 Defense
1 - 0% - 60%
2 - 0% - 40%
Last Minute Offensive - 0:00
Last Minute Defensive - 0:06
Total
Forward - 60:00
Defense - 60:00
|
Play-by-Play
1st period
0:01 of 1st period - Connor Brown wins face-off versus Connor McDavid in neutral zone.
0:22 of 1st period - Minor Penalty to Connor Brown for Cross-checking.
0:23 of 1st period - Connor McDavid wins face-off versus T.J. Hensick in Red Wings zone.
0:38 of 1st period - Snap shot by Connor McDavid.
0:38 of 1st period - Shot Misses the Net.
0:57 of 1st period - Wrist shot by Leon Draisaitl.
0:57 of 1st period - Stopped by Petr Mrazek without a rebound.
0:58 of 1st period - Claude Giroux wins face-off versus Michael Haley in Red Wings zone.
1:09 of 1st period - Wrist shot by Claude Giroux.
1:09 of 1st period - Stopped by Petr Mrazek without a rebound.
1:10 of 1st period - T.J. Hensick wins face-off versus Ryan Nugent-Hopkins in Red Wings zone.
1:47 of 1st period - Slapshot by Claude Giroux.
1:47 of 1st period - Shot Misses the Net.
2:22 of 1st period - Penalty to Connor Brown is over, Connor Brown is back on ice.
2:31 of 1st period - Off-side.
2:32 of 1st period - Henrik Zetterberg wins face-off versus Ryan Getzlaf in neutral zone.
2:35 of 1st period - Mark Stone is hit by Henrik Zetterberg and loses puck.
3:00 of 1st period - Slapshot by Ryan O'Reilly.
3:00 of 1st period - Stopped by James Reimer without a rebound.
3:01 of 1st period - Ryan Nugent-Hopkins wins face-off versus Ryan O'Reilly in Oilers zone.
3:10 of 1st period - Snap shot by Connor Brown.
3:10 of 1st period - Shot Misses the Net.
3:33 of 1st period - Ryan O'Reilly is hit by Jake Gardiner and loses puck.
3:45 of 1st period - Jake Gardiner is hit by Nino Niederreiter and loses puck.
4:22 of 1st period - Snap shot by Philip Samuelsson.
4:22 of 1st period - Stopped by James Reimer with a rebound.
5:29 of 1st period - Wrist shot by Erik Gudbranson.
5:29 of 1st period - Stopped by James Reimer without a rebound.
5:30 of 1st period - Jamie Arniel wins face-off versus Connor McDavid in Oilers zone.
5:49 of 1st period - Snap shot by Connor McDavid.
5:49 of 1st period - Shot Blocked by Carson Mcmillan.
5:51 of 1st period - Slapshot by Claude Giroux.
5:51 of 1st period - Stopped by Petr Mrazek with a rebound.
6:29 of 1st period - Snap shot by Connor McDavid.
6:29 of 1st period - Stopped by Petr Mrazek with a rebound.
6:31 of 1st period - Slapshot by Brady Skjei.
6:31 of 1st period - Deflect By Claude Giroux.
6:31 of 1st period - Shot Misses the Net.
6:31 of 1st period - Puck is out of play.
6:32 of 1st period - Ryan Nugent-Hopkins wins face-off versus Ryan O'Reilly in Red Wings zone.
6:59 of 1st period - James Neal is hit by Ryan O'Byrne and loses puck.
7:06 of 1st period - Snap shot by Dylan Larkin.
7:06 of 1st period - Shot Blocked by Ryan Getzlaf.
7:08 of 1st period - Snap shot by Henrik Zetterberg.
7:08 of 1st period - Stopped by James Reimer with a rebound.
8:09 of 1st period - Off-side.
8:10 of 1st period - T.J. Hensick wins face-off versus Mark Stone in neutral zone.
8:13 of 1st period - Snap shot by Erik Gudbranson.
8:13 of 1st period - Stopped by James Reimer with a rebound.
8:15 of 1st period - Wrist shot by Michael Haley.
8:15 of 1st period - Stopped by James Reimer with a rebound.
8:17 of 1st period - Slapshot by T.J. Hensick.
8:17 of 1st period - Shot Blocked by Jake Gardiner.
8:19 of 1st period - Slapshot by Ryan O'Byrne.
8:19 of 1st period - Shot Misses the Net.
8:35 of 1st period - Erik Gudbranson is hit by Claude Giroux and loses puck.
8:45 of 1st period - Minor Penalty to Ryan O'Byrne for Holding.
8:46 of 1st period - T.J. Hensick wins face-off versus Connor McDavid in Red Wings zone.
10:14 of 1st period - Wrist shot by Nick Bjugstad.
10:14 of 1st period - Shot Misses the Net.
10:16 of 1st period - Slapshot by Jake Gardiner.
10:16 of 1st period - Shot Blocked by Michael Haley.
10:18 of 1st period - Slapshot by Jake Gardiner.
10:18 of 1st period - Stopped by Petr Mrazek without a rebound.
10:19 of 1st period - Connor McDavid wins face-off versus T.J. Hensick in Red Wings zone.
10:45 of 1st period - Penalty to Ryan O'Byrne is over, Ryan O'Byrne is back on ice.
11:27 of 1st period - Slapshot by Dennis Everberg.
11:27 of 1st period - Shot Blocked by Drew Fata.
11:51 of 1st period - Slapshot by Philip Samuelsson.
11:51 of 1st period - Stopped by James Reimer without a rebound.
11:52 of 1st period - Michael Haley wins face-off versus Zach Hyman in Oilers zone.
12:16 of 1st period - Connor McDavid is hit by Erik Gudbranson and loses puck.
12:56 of 1st period - Jake Gardiner is hit by Drew Fata and loses puck.
13:15 of 1st period - Carson Mcmillan is hit by Ryan Getzlaf and loses puck.
13:38 of 1st period - Slapshot by Ryan Getzlaf.
13:38 of 1st period - Deflect By James Neal.
13:38 of 1st period - Shot Misses the Net.
13:38 of 1st period - Puck is out of play.
13:39 of 1st period - Ryan O'Reilly wins face-off versus Connor McDavid in Red Wings zone.
13:44 of 1st period - Snap shot by Connor Brown.
13:44 of 1st period - Shot Misses the Net.
13:46 of 1st period - Wrist shot by Ryan O'Reilly.
13:46 of 1st period - Stopped by James Reimer with a rebound.
13:48 of 1st period - Snap shot by Ryan O'Byrne.
13:48 of 1st period - Stopped by James Reimer without a rebound.
13:49 of 1st period - Connor McDavid wins face-off versus Ryan O'Reilly in Oilers zone.
14:08 of 1st period - Wrist shot by Ryan O'Reilly.
14:08 of 1st period - Deflect By Cam Barker.
14:08 of 1st period - Goal by Ryan O'Reilly - Red Wings : 1 - Oilers : 0.
14:09 of 1st period - Ryan Nugent-Hopkins wins face-off versus Ryan O'Reilly in neutral zone.
14:21 of 1st period - Ryan O'Byrne is hit by Trevor Daley and loses puck.
14:36 of 1st period - Erik Gudbranson is hit by Claude Giroux and loses puck.
15:17 of 1st period - Dalton Prout is hit by Cody Franson and loses puck.
15:45 of 1st period - Wrist shot by Ryan O'Reilly.
15:45 of 1st period - Stopped by James Reimer without a rebound.
15:46 of 1st period - Ryan Nugent-Hopkins wins face-off versus Henrik Zetterberg in Oilers zone.
15:52 of 1st period - Slapshot by Marko Dano.
15:52 of 1st period - Shot Misses the Net.
16:00 of 1st period - Snap shot by Marko Dano.
16:00 of 1st period - Stopped by James Reimer without a rebound.
16:01 of 1st period - Ryan O'Reilly wins face-off versus Connor McDavid in Oilers zone.
16:14 of 1st period - Snap shot by Connor Brown.
16:14 of 1st period - Stopped by James Reimer without a rebound.
16:15 of 1st period - Ryan Nugent-Hopkins wins face-off versus Dylan Larkin in Oilers zone.
16:38 of 1st period - Ryan Nugent-Hopkins is hit by Ryan O'Byrne and loses puck.
16:49 of 1st period - Snap shot by Brady Skjei.
16:49 of 1st period - Stopped by Petr Mrazek with a rebound.
17:29 of 1st period - Wrist shot by Marko Dano.
17:29 of 1st period - Stopped by James Reimer with a rebound.
18:09 of 1st period - Backhand shot by Nick Bjugstad.
18:09 of 1st period - Shot Misses the Net.
18:15 of 1st period - Wrist shot by Nick Bjugstad.
18:15 of 1st period - Stopped by Petr Mrazek with a rebound.
18:29 of 1st period - Snap shot by Nick Bjugstad.
18:29 of 1st period - Shot Blocked by Dylan Larkin.
18:31 of 1st period - Wrist shot by Nick Bjugstad.
18:31 of 1st period - Stopped by Petr Mrazek with a rebound.
18:35 of 1st period - Snap shot by Nick Bjugstad.
18:35 of 1st period - Shot Misses the Net.
18:37 of 1st period - Slapshot by Jake Gardiner.
18:37 of 1st period - Shot Misses the Net.
18:39 of 1st period - Slapshot by Brady Skjei.
18:39 of 1st period - Stopped by Petr Mrazek with a rebound.
18:47 of 1st period - Snap shot by Leon Draisaitl.
18:47 of 1st period - Stopped by Petr Mrazek with a rebound.
18:49 of 1st period - Slapshot by Brady Skjei.
18:49 of 1st period - Deflect By Ryan Nugent-Hopkins.
18:49 of 1st period - Stopped by Petr Mrazek without a rebound.
18:50 of 1st period - Ryan O'Reilly wins face-off versus Connor McDavid in Red Wings zone.
18:50 of 1st period - Ryan O'Reilly is hit by Dalton Prout.
19:44 of 1st period - Beau Bennett is hit by Cam Barker and loses puck.
19:57 of 1st period - Backhand shot by Claude Giroux.
19:57 of 1st period - Deflect By Connor McDavid.
19:57 of 1st period - Shot Misses the Net.
19:57 of 1st period - Puck is out of play.
19:58 of 1st period - Ryan O'Reilly wins face-off versus Connor McDavid in Red Wings zone.
Goals for this period are 1 for Red Wings vs 0 for Oilers.
Shots for this period are 14 for Red Wings vs 11 for Oilers.
2nd period
0:01 of 2nd period - Connor McDavid wins face-off versus Ryan O'Reilly in neutral zone.
0:04 of 2nd period - Ryan O'Reilly is hit by Connor McDavid and loses puck.
0:46 of 2nd period - Icing by Trevor Daley.
0:47 of 2nd period - Henrik Zetterberg wins face-off versus Ryan Getzlaf in Oilers zone.
1:14 of 2nd period - Wrist shot by Mark Stone.
1:14 of 2nd period - Stopped by Petr Mrazek without a rebound.
1:15 of 2nd period - Ryan O'Reilly wins face-off versus Claude Giroux in Red Wings zone.
1:22 of 2nd period - Slapshot by Claude Giroux.
1:22 of 2nd period - Stopped by Petr Mrazek without a rebound.
1:23 of 2nd period - Ryan O'Reilly wins face-off versus Connor McDavid in Red Wings zone.
1:54 of 2nd period - Wrist shot by Erik Gudbranson.
1:54 of 2nd period - Deflect By Carson Mcmillan.
1:54 of 2nd period - Stopped by James Reimer with a rebound.
1:56 of 2nd period - Snap shot by Jamie Arniel.
1:56 of 2nd period - Shot Blocked by Jake Gardiner.
2:20 of 2nd period - Slapshot by Ryan Getzlaf.
2:20 of 2nd period - Deflect By Mark Stone.
2:20 of 2nd period - Shot Blocked by Cody Franson.
2:20 of 2nd period - Puck is out of play.
2:21 of 2nd period - Claude Giroux wins face-off versus Ryan O'Reilly in Red Wings zone.
2:22 of 2nd period - Wrist shot by David Pastrnak.
2:22 of 2nd period - Stopped by Petr Mrazek with a rebound.
2:54 of 2nd period - Snap shot by Connor McDavid.
2:54 of 2nd period - Shot Misses the Net.
2:57 of 2nd period - Minor Penalty to Nino Niederreiter for Hooking.
2:58 of 2nd period - Ryan Nugent-Hopkins wins face-off versus T.J. Hensick in Red Wings zone.
3:49 of 2nd period - Dalton Prout is hit by Philip Samuelsson and loses puck.
4:39 of 2nd period - Icing by Leon Draisaitl.
4:40 of 2nd period - Ryan Nugent-Hopkins wins face-off versus Dylan Larkin in Oilers zone.
4:57 of 2nd period - Penalty to Nino Niederreiter is over, Nino Niederreiter is back on ice.
4:57 of 2nd period - Ryan Nugent-Hopkins is hit by Erik Gudbranson and loses puck.
5:14 of 2nd period - Wrist shot by Marko Dano.
5:14 of 2nd period - Shot Misses the Net.
5:16 of 2nd period - Wrist shot by Dylan Larkin.
5:16 of 2nd period - Stopped by James Reimer with a rebound.
5:18 of 2nd period - Wrist shot by Ryan O'Byrne.
5:18 of 2nd period - Deflect By Henrik Zetterberg.
5:18 of 2nd period - Goal by Henrik Zetterberg - Red Wings : 2 - Oilers : 0.
5:19 of 2nd period - Ryan O'Reilly wins face-off versus Connor McDavid in neutral zone.
5:35 of 2nd period - Snap shot by Claude Giroux.
5:35 of 2nd period - Shot Misses the Net.
5:49 of 2nd period - Slapshot by Philip Samuelsson.
5:49 of 2nd period - Stopped by James Reimer with a rebound.
5:51 of 2nd period - Wrist shot by Henrik Zetterberg.
5:51 of 2nd period - Shot Misses the Net.
5:53 of 2nd period - Snap shot by Dylan Larkin.
5:53 of 2nd period - Shot Misses the Net.
5:55 of 2nd period - Wrist shot by Marko Dano.
5:55 of 2nd period - Stopped by James Reimer without a rebound.
5:56 of 2nd period - David Pastrnak wins face-off versus Jamie Arniel in Oilers zone.
6:23 of 2nd period - Leon Draisaitl is hit by Erik Gudbranson and loses puck.
7:54 of 2nd period - Ryan Nugent-Hopkins is hit by T.J. Hensick and loses puck.
8:23 of 2nd period - Snap shot by Leon Draisaitl.
8:23 of 2nd period - Stopped by Petr Mrazek with a rebound.
8:29 of 2nd period - Wrist shot by Ryan Nugent-Hopkins.
8:29 of 2nd period - Shot Misses the Net.
8:31 of 2nd period - Snap shot by Leon Draisaitl.
8:31 of 2nd period - Shot Misses the Net.
8:33 of 2nd period - Slapshot by Trevor Daley.
8:33 of 2nd period - Shot Blocked by Beau Bennett.
8:35 of 2nd period - Wrist shot by Ryan Nugent-Hopkins.
8:35 of 2nd period - Shot Blocked by Beau Bennett.
9:15 of 2nd period - Michael Haley is hit by Nick Bjugstad and loses puck.
9:30 of 2nd period - Beau Bennett is hit by Nick Bjugstad and loses puck.
9:39 of 2nd period - Snap shot by Ryan Nugent-Hopkins.
9:39 of 2nd period - Shot Misses the Net.
9:41 of 2nd period - Slapshot by Ryan Nugent-Hopkins.
9:41 of 2nd period - Shot Misses the Net.
9:43 of 2nd period - Snap shot by Nick Bjugstad.
9:43 of 2nd period - Shot Misses the Net.
9:45 of 2nd period - Slapshot by Nick Bjugstad.
9:45 of 2nd period - Goal by Nick Bjugstad - Red Wings : 2 - Oilers : 1.
9:46 of 2nd period - Connor McDavid wins face-off versus Ryan O'Reilly in neutral zone.
10:16 of 2nd period - Snap shot by Mark Stone.
10:16 of 2nd period - Shot Blocked by Erik Gudbranson.
10:23 of 2nd period - Minor Penalty to Marko Dano for Hooking.
10:24 of 2nd period - Connor McDavid wins face-off versus Dylan Larkin in Red Wings zone.
10:29 of 2nd period - Wrist shot by Connor McDavid.
10:29 of 2nd period - Shot Blocked by Carson Mcmillan.
10:47 of 2nd period - Minor Penalty to Ryan O'Byrne for Tripping.
10:48 of 2nd period - Claude Giroux wins face-off versus Carson Mcmillan in Red Wings zone.
11:03 of 2nd period - Wrist shot by David Pastrnak.
11:03 of 2nd period - Goal by David Pastrnak - Red Wings : 2 - Oilers : 2.
11:04 of 2nd period - Connor McDavid wins face-off versus T.J. Hensick in neutral zone.
11:07 of 2nd period - Wrist shot by Brady Skjei.
11:07 of 2nd period - Shot Misses the Net.
11:09 of 2nd period - Snap shot by David Pastrnak.
11:09 of 2nd period - Stopped by Petr Mrazek with a rebound.
11:15 of 2nd period - Snap shot by Claude Giroux.
11:15 of 2nd period - Deflect By David Pastrnak.
11:15 of 2nd period - Stopped by Petr Mrazek without a rebound.
11:16 of 2nd period - T.J. Hensick wins face-off versus Connor McDavid in Red Wings zone.
12:47 of 2nd period - Penalty to Ryan O'Byrne is over, Ryan O'Byrne is back on ice.
12:55 of 2nd period - Snap shot by James Neal.
12:55 of 2nd period - Shot Misses the Net.
12:57 of 2nd period - Backhand shot by James Neal.
12:57 of 2nd period - Shot Misses the Net.
12:59 of 2nd period - Wrist shot by Mark Stone.
12:59 of 2nd period - Shot Misses the Net.
13:01 of 2nd period - Slapshot by Trevor Daley.
13:01 of 2nd period - Shot Misses the Net.
13:03 of 2nd period - Wrist shot by Ryan Getzlaf.
13:03 of 2nd period - Goal by Ryan Getzlaf - Red Wings : 2 - Oilers : 3.
13:04 of 2nd period - Ryan O'Reilly wins face-off versus Connor McDavid in neutral zone.
13:07 of 2nd period - Snap shot by Philip Samuelsson.
13:07 of 2nd period - Stopped by James Reimer without a rebound.
13:08 of 2nd period - Nino Niederreiter wins face-off versus Connor McDavid in Oilers zone.
13:12 of 2nd period - Minor Penalty to David Pastrnak for Cross-checking.
13:13 of 2nd period - Connor McDavid wins face-off versus Henrik Zetterberg in Oilers zone.
15:12 of 2nd period - Penalty to David Pastrnak is over, David Pastrnak is back on ice.
15:35 of 2nd period - Snap shot by David Pastrnak.
15:35 of 2nd period - Stopped by Petr Mrazek with a rebound.
15:57 of 2nd period - Snap shot by David Pastrnak.
15:57 of 2nd period - Stopped by Petr Mrazek without a rebound.
15:58 of 2nd period - Ryan Nugent-Hopkins wins face-off versus Jamie Arniel in Red Wings zone.
16:28 of 2nd period - Snap shot by James Neal.
16:28 of 2nd period - Shot Misses the Net.
16:47 of 2nd period - Off-side.
16:48 of 2nd period - Henrik Zetterberg wins face-off versus Peter Mueller in neutral zone.
18:06 of 2nd period - Marko Dano is hit by Connor McDavid and loses puck.
18:35 of 2nd period - Snap shot by Mark Stone.
18:35 of 2nd period - Stopped by Petr Mrazek without a rebound.
18:36 of 2nd period - Connor McDavid wins face-off versus Nino Niederreiter in Red Wings zone.
18:42 of 2nd period - Off-side.
18:43 of 2nd period - Connor McDavid wins face-off versus Ryan O'Reilly in neutral zone.
19:16 of 2nd period - Off-side.
19:17 of 2nd period - Mark Stone wins face-off versus Henrik Zetterberg in neutral zone.
Goals for this period are 1 for Red Wings vs 3 for Oilers.
Shots for this period are 6 for Red Wings vs 12 for Oilers.
3rd period
0:01 of 3rd period - Ryan O'Reilly wins face-off versus Connor McDavid in neutral zone.
0:03 of 3rd period - Off-side.
0:04 of 3rd period - Connor McDavid wins face-off versus Ryan O'Reilly in neutral zone.
0:12 of 3rd period - Minor Penalty to Ryan O'Reilly for High sticking.
0:13 of 3rd period - T.J. Hensick wins face-off versus Connor McDavid in Red Wings zone.
0:29 of 3rd period - Wrist shot by David Pastrnak.
0:29 of 3rd period - Shot Misses the Net.
0:47 of 3rd period - Slapshot by Michael Haley.
0:47 of 3rd period - Stopped by James Reimer without a rebound.
0:48 of 3rd period - Connor McDavid wins face-off versus T.J. Hensick in Oilers zone.
0:48 of 3rd period - Connor McDavid is hit by T.J. Hensick.
0:55 of 3rd period - Off-side.
0:56 of 3rd period - Connor McDavid wins face-off versus T.J. Hensick in neutral zone.
1:31 of 3rd period - Snap shot by David Pastrnak.
1:31 of 3rd period - Stopped by Petr Mrazek without a rebound.
1:32 of 3rd period - Michael Haley wins face-off versus Ryan Nugent-Hopkins in Red Wings zone.
1:43 of 3rd period - Slapshot by Leon Draisaitl.
1:43 of 3rd period - Shot Blocked by Beau Bennett.
2:12 of 3rd period - Penalty to Ryan O'Reilly is over, Ryan O'Reilly is back on ice.
2:23 of 3rd period - Wrist shot by Ryan Getzlaf.
2:23 of 3rd period - Stopped by Petr Mrazek with a rebound.
2:25 of 3rd period - Slapshot by Mark Stone.
2:25 of 3rd period - Shot Misses the Net.
2:27 of 3rd period - Snap shot by Ryan Getzlaf.
2:27 of 3rd period - Stopped by Petr Mrazek with a rebound.
2:29 of 3rd period - Snap shot by James Neal.
2:29 of 3rd period - Shot Misses the Net.
2:35 of 3rd period - Minor Penalty to Ryan O'Reilly for Slashing.
2:36 of 3rd period - T.J. Hensick wins face-off versus Connor McDavid in Red Wings zone.
2:45 of 3rd period - Slapshot by Erik Gudbranson.
2:45 of 3rd period - Stopped by James Reimer with a rebound.
3:21 of 3rd period - Slapshot by Brady Skjei.
3:21 of 3rd period - Stopped by Petr Mrazek without a rebound.
3:22 of 3rd period - Connor McDavid wins face-off versus Michael Haley in Red Wings zone.
3:28 of 3rd period - Snap shot by Cam Barker.
3:28 of 3rd period - Shot Blocked by Drew Fata.
4:35 of 3rd period - Penalty to Ryan O'Reilly is over, Ryan O'Reilly is back on ice.
4:43 of 3rd period - Off-side.
4:44 of 3rd period - Ryan Getzlaf wins face-off versus Ryan O'Reilly in neutral zone.
4:56 of 3rd period - Minor Penalty to James Neal for Slashing.
4:57 of 3rd period - Henrik Zetterberg wins face-off versus Connor McDavid in Oilers zone.
5:29 of 3rd period - Snap shot by Dylan Larkin.
5:29 of 3rd period - Stopped by James Reimer with a rebound.
5:31 of 3rd period - Wrist shot by Erik Gudbranson.
5:31 of 3rd period - Stopped by James Reimer without a rebound.
5:32 of 3rd period - Connor McDavid wins face-off versus Henrik Zetterberg in Oilers zone.
6:26 of 3rd period - Philip Samuelsson is hit by Peter Mueller and loses puck.
6:56 of 3rd period - Penalty to James Neal is over, James Neal is back on ice.
8:11 of 3rd period - Snap shot by Marko Dano.
8:11 of 3rd period - Goal by Marko Dano - Red Wings : 3 - Oilers : 3.
8:12 of 3rd period - Ryan O'Reilly wins face-off versus Connor McDavid in neutral zone.
8:15 of 3rd period - Wrist shot by Nino Niederreiter.
8:15 of 3rd period - Shot Blocked by Jake Gardiner.
8:17 of 3rd period - Snap shot by Connor Brown.
8:17 of 3rd period - Deflect By Ryan O'Reilly.
8:17 of 3rd period - Stopped by James Reimer with a rebound.
8:19 of 3rd period - Wrist shot by Ryan O'Reilly.
8:19 of 3rd period - Stopped by James Reimer with a rebound.
8:21 of 3rd period - Slapshot by Erik Gudbranson.
8:21 of 3rd period - Stopped by James Reimer with a rebound.
8:23 of 3rd period - Snap shot by Nino Niederreiter.
8:23 of 3rd period - Stopped by James Reimer with a rebound.
8:25 of 3rd period - Slapshot by Ryan O'Reilly.
8:25 of 3rd period - Shot Blocked by Claude Giroux.
8:27 of 3rd period - Snap shot by Connor Brown.
8:27 of 3rd period - Shot Blocked by Jake Gardiner.
8:45 of 3rd period - Snap shot by Marko Dano.
8:45 of 3rd period - Stopped by James Reimer with a rebound.
8:47 of 3rd period - Slapshot by Erik Gudbranson.
8:47 of 3rd period - Deflect By Dylan Larkin.
8:47 of 3rd period - Shot Misses the Net.
8:47 of 3rd period - Puck is out of play.
8:48 of 3rd period - Connor McDavid wins face-off versus Ryan O'Reilly in Oilers zone.
9:13 of 3rd period - Marko Dano is hit by Ryan Nugent-Hopkins and loses puck.
9:23 of 3rd period - Minor Penalty to Henrik Zetterberg for Interference.
9:24 of 3rd period - T.J. Hensick wins face-off versus Connor McDavid in Red Wings zone.
10:20 of 3rd period - Slapshot by Nick Bjugstad.
10:20 of 3rd period - Stopped by Petr Mrazek with a rebound.
10:26 of 3rd period - Slapshot by Brady Skjei.
10:26 of 3rd period - Shot Misses the Net.
10:42 of 3rd period - Snap shot by Ryan Nugent-Hopkins.
10:42 of 3rd period - Shot Misses the Net.
10:44 of 3rd period - Snap shot by Nick Bjugstad.
10:44 of 3rd period - Shot Misses the Net.
10:46 of 3rd period - Snap shot by Nick Bjugstad.
10:46 of 3rd period - Shot Misses the Net.
10:50 of 3rd period - Slapshot by Leon Draisaitl.
10:50 of 3rd period - Shot Blocked by Philip Samuelsson.
10:52 of 3rd period - Snap shot by Brady Skjei.
10:52 of 3rd period - Stopped by Petr Mrazek with a rebound.
10:54 of 3rd period - Wrist shot by Nick Bjugstad.
10:54 of 3rd period - Goal by Nick Bjugstad - Red Wings : 3 - Oilers : 4.
10:55 of 3rd period - Connor McDavid wins face-off versus Ryan O'Reilly in neutral zone.
11:54 of 3rd period - Minor Penalty to Dennis Everberg for High sticking.
11:55 of 3rd period - Henrik Zetterberg wins face-off versus Connor McDavid in Oilers zone.
12:36 of 3rd period - Wrist shot by Leon Draisaitl.
12:36 of 3rd period - Deflect By Ryan Nugent-Hopkins.
12:36 of 3rd period - Stopped by Petr Mrazek with a rebound.
12:38 of 3rd period - Snap shot by Leon Draisaitl.
12:38 of 3rd period - Deflect By Ryan Nugent-Hopkins.
12:38 of 3rd period - Oilers goal is going for a video replay.
12:38 of 3rd period - The goal is refused. The puck has entered the net after making contact with an attacking player’s stick that is above the height of the crossbar..
12:39 of 3rd period - Connor McDavid wins face-off versus Henrik Zetterberg in Red Wings zone.
13:04 of 3rd period - Ryan Nugent-Hopkins is hit by Ryan O'Reilly and loses puck.
13:46 of 3rd period - Leon Draisaitl is hit by Cody Franson and loses puck.
13:54 of 3rd period - Penalty to Dennis Everberg is over, Dennis Everberg is back on ice.
14:21 of 3rd period - Wrist shot by Leon Draisaitl.
14:21 of 3rd period - Shot Misses the Net.
14:23 of 3rd period - Wrist shot by Leon Draisaitl.
14:23 of 3rd period - Shot Misses the Net.
14:25 of 3rd period - Slapshot by Cam Barker.
14:25 of 3rd period - Shot Blocked by Erik Gudbranson.
14:27 of 3rd period - Slapshot by Leon Draisaitl.
14:27 of 3rd period - Stopped by Petr Mrazek without a rebound.
14:28 of 3rd period - Connor McDavid wins face-off versus T.J. Hensick in Red Wings zone.
14:29 of 3rd period - Snap shot by Claude Giroux.
14:29 of 3rd period - Shot Misses the Net.
14:42 of 3rd period - Minor Penalty to T.J. Hensick for Tripping.
14:43 of 3rd period - Dylan Larkin wins face-off versus Connor McDavid in Red Wings zone.
15:10 of 3rd period - Dylan Larkin is hit by Nick Bjugstad and loses puck.
15:17 of 3rd period - Snap shot by Nick Bjugstad.
15:17 of 3rd period - Stopped by Petr Mrazek without a rebound.
15:18 of 3rd period - Dylan Larkin wins face-off versus Connor McDavid in Red Wings zone.
16:42 of 3rd period - Penalty to T.J. Hensick is over, T.J. Hensick is back on ice.
16:44 of 3rd period - Slapshot by Philip Samuelsson.
16:44 of 3rd period - Stopped by James Reimer with a rebound.
17:19 of 3rd period - Snap shot by Beau Bennett.
17:19 of 3rd period - Shot Misses the Net.
17:36 of 3rd period - Snap shot by Michael Haley.
17:36 of 3rd period - Stopped by James Reimer without a rebound.
17:37 of 3rd period - Jamie Arniel wins face-off versus James Neal in Oilers zone.
17:40 of 3rd period - Snap shot by Sergei Kostitsyn.
17:40 of 3rd period - Stopped by James Reimer without a rebound.
17:41 of 3rd period - Jamie Arniel wins face-off versus Ryan Getzlaf in Oilers zone.
18:32 of 3rd period - Tobias Enstrom is hit by Henrik Zetterberg and loses puck.
18:53 of 3rd period - Red Wings, Petr Mrazek is pulled from the net.
19:12 of 3rd period - Off-side.
19:13 of 3rd period - Terry Murray call a timeout for Red Wings.
19:13 of 3rd period - Connor McDavid wins face-off versus Henrik Zetterberg in neutral zone.
19:18 of 3rd period - Wrist shot by Brady Skjei.
19:18 of 3rd period - Goal by Brady Skjei - Red Wings : 3 - Oilers : 5.
19:18 of 3rd period - Petr Mrazek from Red Wings was sent back in the game.
19:19 of 3rd period - Jamie Arniel wins face-off versus Ryan Getzlaf in neutral zone.
19:22 of 3rd period - Brady Skjei is hit by Jamie Arniel and loses puck.
19:27 of 3rd period - Wrist shot by Carson Mcmillan.
19:27 of 3rd period - Shot Misses the Net.
19:29 of 3rd period - Slapshot by Jamie Arniel.
19:29 of 3rd period - Shot Misses the Net.
19:31 of 3rd period - Wrist shot by Jamie Arniel.
19:31 of 3rd period - Stopped by James Reimer without a rebound.
19:32 of 3rd period - Ryan Getzlaf wins face-off versus Jamie Arniel in Oilers zone.
Goals for this period are 1 for Red Wings vs 2 for Oilers.
Shots for this period are 14 for Red Wings vs 12 for Oilers.